 Dungeon Crawl Stone Soup version 0.29-a0-275-g389c0b56f3 (webtiles) character file.

Game seed: 14808602748416589652

9 jmlagarto the Vexing (level 2, 0/23 HPs)
             Began as a Gnoll Arcane Marksman on Mar 10, 2022.
             Slain by a jackal (2 damage)
             ... on level 1 of the Dungeon.
             The game lasted 00:01:34 (422 turns).

jmlagarto the Vexing (Gnoll Arcane Marksman)         Turns: 422, Time: 00:01:34

Health: 0/23       AC:  2    Str:  9    XL:     2   Next: 16%
Magic:  4/5        EV: 13    Int: 12    God:
Gold:   13         SH:  0    Dex: 12    Spells: 5/6 levels left

rFire   . . .      SeeInvis .   a - +0 hunting sling
rCold   . . .      Faith    .   (no shield)
rNeg    . . .      Spirit   .   b - +0 robe
rPois   .          Reflect  .   (no helmet)
rElec   .          Harm     .   (no cloak)
rCorr   .          Rampage  .   (no gloves)
Will    .....                   (no boots)
Stlth   +.........              (no amulet)
HPRegen 0.07/turn               (no ring)
MPRegen 0.09/turn               (no ring)

@: no status effects
A: fangs 1, strong nose, distributed training
a: no special abilities


You were on level 1 of the Dungeon.
You visited 1 branch of the dungeon, and saw 1 of its levels.

You collected 13 gold pieces.

Inventory:

Hand Weapons
 a - a +0 hunting sling (weapon)
Armour
 b - a +0 robe (worn)
Scrolls
 c - a scroll of vulnerability
 e - a scroll of enchant weapon {unknown}
 f - a scroll of enchant armour {unknown}
Potions
 d - a potion of heal wounds {unknown}


   Skills:
 + Level 2.4 Fighting
 + Level 0.3 Short Blades
 + Level 0.3 Long Blades
 + Level 0.3 Axes
 + Level 0.3 Maces & Flails
 + Level 0.3 Polearms
 + Level 0.3 Staves
 + Level 4.4 Slings
 + Level 0.3 Bows
 + Level 0.3 Crossbows
 + Level 0.3 Throwing
 + Level 0.3 Armour
 + Level 4.4 Dodging
 + Level 0.3 Stealth
 + Level 0.3 Shields
 + Level 0.3 Unarmed Combat
 + Level 2.7 Spellcasting
 + Level 0.2 Conjurations
 + Level 5.3 Hexes
 + Level 0.2 Summonings
 + Level 0.2 Necromancy
 + Level 0.2 Translocations
 + Level 0.2 Transmutations
 + Level 0.2 Fire Magic
 + Level 0.2 Ice Magic
 + Level 0.2 Air Magic
 + Level 0.2 Earth Magic
 + Level 0.2 Poison Magic
 + Level 0.4 Invocations
 + Level 0.3 Evocations


You had 5 spell levels left.
You knew the following spells:

 Your Spells              Type           Power      Damage    Failure   Level
a - Slow                  Hex            56%        N/A       2%          1

Your spell library contained the following spells:

 Spells                   Type           Power      Damage    Failure   Level
 Inner Flame              Hex/Fire       8%         N/A       24%         3
 Portal Projectile        Hex/Tloc       16%        N/A       24%         3
 Cause Fear               Hex            7%         N/A       28%         4


Dungeon Overview and Level Annotations

Branches:
Dungeon (1/15)

Altars:


Innate Abilities, Weirdness & Mutations

You have very sharp teeth.
Your uncanny sense of smell can sniff out nearby items.
Your experience applies equally to all skills.


Message History

Press: ? - help, Q - select action, (/) - cycle Shift-Dir - straight line, f/p - jackal
Aim: a jackal (moderately wounded, chance to affect: 71%)
The jackal seems to slow down.
The jackal misses you.
Unknown command.
The jackal attacks as you move away! The jackal misses you.
The jackal attacks as you move away! The jackal bites you.
* * * LOW HITPOINT WARNING * * *
The jackal bites you but does no damage.
The jackal attacks as you move away! The jackal bites you.
* * * LOW HITPOINT WARNING * * *
Fire: a) +0 hunting sling
Press: ? - help, Q - select action, (/) - cycle Shift-Dir - straight line, f/p - jackal
Aim: a jackal (slow, 50% to hit)
You shoot a sling bullet.
The sling bullet hits the jackal but does no damage.
The jackal bites you.
* * * LOW HITPOINT WARNING * * *
The jackal closely misses you.
Fire: a) +0 hunting sling
Press: ? - help, Q - select action, (/) - cycle Shift-Dir - straight line, f/p - jackal
Aim: a jackal (slow, 50% to hit)
You shoot a sling bullet.
The sling bullet closely misses the jackal.
The sling bullet completely misses the jackal.
The jackal barely misses you. x2
The jackal attacks as you move away!
The jackal bites you but does no damage. x2
The jackal attacks as you move away! The jackal bites you.
* * * LOW HITPOINT WARNING * * *
The jackal bites you.
* * * LOW HITPOINT WARNING * * *
The jackal attacks as you move away! The jackal barely misses you.
The jackal attacks as you move away! The jackal misses you.
The jackal bites you but does no damage.
The jackal attacks as you move away! The jackal closely misses you.
The jackal attacks as you move away! The jackal closely misses you.
The jackal barely misses you. The jackal attacks as you move away!
The jackal bites you.
You die...

#...................#
.......)...###.#.##.#
#.######.### #.#.##.#
#.######.#####.#.##.#
.......... ....^>##.#
#.###.##... ...#.##.# ....
... ....#.##.# ...... #.
#.#.#.##.# #.#...#
.##.#.#@##.# .......
......hh##.### .......
.............### .....
...............# ....
........h..#.#.# #.#.#.
#..##............# #.#.#†#
................# ......#
.......#..#.##..#
#.#.#.###..#####..#.##..##


You could see 3 jackals.

Vanquished Creatures
  A dart slug (D:1)
  A bat (D:1)
  2 endoplasms (D:1)
  2 goblins (D:1)
  A ball python (D:1)
7 creatures vanquished.

Vanquished Creatures (others)
  A ghoul (D:1)
  A demonspawn (D:1)
  An octopode (D:1)
  A gargoyle (D:1)
  An elf (D:1)
  A troll (D:1)
  A spriggan (D:1)
  A vampire (D:1)
  A human (D:1)
  3 nagas (D:1)
  A tengu (D:1)
  A felid (D:1)
  A kobold (D:1)
  7 tentacles (D:1)
22 creatures vanquished.

Grand Total: 29 creatures vanquished

Notes
Turn   | Place    | Note
-------+----------+-------------------------------------------
     0 | D:1      | jmlagarto the Gnoll Arcane Marksman began the quest for the
                  | Orb.
     0 | D:1      | Reached XP level 1. HP: 17/17 MP: 4/4
     2 | D:1      | Noticed a ghoul
     2 | D:1      | Noticed a demonspawn
     2 | D:1      | Noticed a troll
     2 | D:1      | Noticed a naga
     2 | D:1      | Noticed a naga
     2 | D:1      | Noticed a gargoyle
     2 | D:1      | Noticed an elf
     2 | D:1      | Noticed a kraken
     2 | D:1      | Noticed a felid
     2 | D:1      | Noticed a tengu
     2 | D:1      | Noticed a vampire
     2 | D:1      | Noticed a spriggan
     2 | D:1      | Noticed an octopode
     2 | D:1      | Noticed a human
     2 | D:1      | Noticed a naga
     2 | D:1      | Killed a felid
     3 | D:1      | Killed an elf
     3 | D:1      | Killed a tengu
     5 | D:1      | Killed a naga
     6 | D:1      | Killed an octopode
     7 | D:1      | Killed a vampire
     7 | D:1      | Killed a naga
     8 | D:1      | Killed a gargoyle
     9 | D:1      | Killed a naga
     9 | D:1      | Killed a troll
    11 | D:1      | Killed a human
    13 | D:1      | Killed a spriggan
    13 | D:1      | Killed a ghoul
    15 | D:1      | Killed a demonspawn
   300 | D:1      | Reached XP level 2. HP: 23/23 MP: 5/5
   422 | D:1      | Slain by a jackal

Illustrated notes

Levels and vault maps discovered:
D:1:      nicolae_arrival_kraken_aquarium_b, layout_basic, minmay_liquid_box,
          chequers_mini_garden

Action                   || total
-------------------------++-------
 Fire: Hunting sling     ||    20
 Cast: Slow              ||     7
Armor: Robe              ||     5
Dodge: Dodged            ||    21

Table legend: (Time is in decaauts)
 A = Elapsed time spent in this place.
 B = Non-inter-level travel time spent in this place.
 C = Inter-level travel time spent in this place.
 D = Time resting spent in this place.
 E = Time spent auto-exploring this place.
 F = Levels seen in this place.
 G = Mean time per level.
                   A        B        C        D        E       F      G
               +--------+--------+--------+--------+--------+-----+--------+
         Total |    427 |    427 |      0 |    200 |    141 |   1 |  427.0 |
       Dungeon |    427 |    427 |      0 |    200 |    141 |   1 |  427.0 |
               +--------+--------+--------+--------+--------+-----+--------+

Top non-repeatable levels by time:
     D:1: 427 daAuts
